 Dungeon Crawl Stone Soup version 0.27.0-1-g7a089689b8 (webtiles) character file.

Game seed: 18070492411739030169

5 horus123 the Gusty (level 1, -1/10 HPs)
             Began as a Deep Elf Air Elementalist on Aug 1, 2021.
             Slain by a jackal (2 damage)
             ... on level 1 of the Dungeon.
             The game lasted 00:01:08 (225 turns).

horus123 the Gusty (Deep Elf Air Elementalist)       Turns: 225, Time: 00:01:09

Health: -1/10      AC:  2    Str:  5    XL:     1   Next: 66%
Magic:  1/6        EV: 12    Int: 19    God:
Gold:   13         SH:  0    Dex: 15    Spells: 5/6 levels left

rFire    . . .     SeeInvis .   (no weapon)
rCold    . . .     Faith    .   (no shield)
rNeg     . . .     Spirit   .   a - +0 robe
rPois    .         Reflect  .   (no helmet)
rElec    .         Harm     .   (no cloak)
rCorr    .         Rampage  .   (no gloves)
Will     .....                  (no boots)
Stlth    ++........             (no amulet)
HPRegen  0.03/turn              (no ring)
MPRegen  0.10/turn              (no ring)

@: no status effects
A: no striking features
a: no special abilities


You were on level 1 of the Dungeon.
You visited 1 branch of the dungeon, and saw 1 of its levels.

You collected 13 gold pieces.

Inventory:

Armour
 a - a +0 robe (worn)


   Skills:
 + Level 2.6 Dodging
 + Level 2.5 Stealth
 + Level 3.0 Spellcasting
 + Level 1.1 Conjurations
 + Level 3.2 Air Magic


You had 5 spell levels left.
You knew the following spells:

 Your Spells              Type           Power      Damage    Failure   Level
a - Shock                 Conj/Air       44%        1d5       6%          1

Your spell library contained the following spells:

 Spells                   Type           Power      Damage    Failure   Level
 Static Discharge         Conj/Air       11%        N/A       10%         2
 Swiftness                Air            15%        N/A       12%         3
 Airstrike                Air            7%         N/A       38%         4


Dungeon Overview and Level Annotations

Branches:
Dungeon (1/15)

Altars:


Message History

Aim: a jackal (lightly wounded, 60% to hit)
That beam is likely to hit you.
Continue anyway?
Okay, then.
Aiming: Shock (safe; 6% risk of failure)
Press: ? - help, Q - select action Shift-Dir - straight line, f/p - jackal
Aim: a jackal (lightly wounded, 60% to hit)
That beam is likely to hit you.
Continue anyway?
Okay, then.
Aiming: Shock (safe; 6% risk of failure)
Press: ? - help, Q - select action Shift-Dir - straight line, f/p - jackal
Aim: a jackal (lightly wounded, 60% to hit)
That beam is likely to hit you.
Continue anyway?
Okay, then.
Aiming: Shock (safe; 6% risk of failure)
Press: ? - help, Q - select action Shift-Dir - straight line, f/p - jackal
Aim: a jackal (lightly wounded, 60% to hit)
That beam is likely to hit you.
Continue anyway?
Okay, then.
Unknown command.
The jackal bites you but does no damage.
The jackal bites you. The jackal closely misses you. The jackal bites you.
* * * LOW HITPOINT WARNING * * *
Aiming: Shock (safe; 6% risk of failure)
Press: ? - help, Q - select action Shift-Dir - straight line, f/p - jackal
Aim: a jackal (lightly wounded, 60% to hit)
The zap misses the jackal.
The jackal closely misses you. The jackal misses you.
Aiming: Shock (safe; 6% risk of failure)
Press: ? - help, Q - select action Shift-Dir - straight line, f/p - jackal
Aim: a jackal (lightly wounded, 60% to hit)
The zap hits the jackal.
The jackal is almost dead.
The jackal misses you.
You don't have enough magic to cast this spell.
Unknown command.
Unknown command.
The jackal bites you.
You die...

##+........# #......P
#..######..# #≈....P. #.##
#..# # ##...... #.# #..#.#
#.....P
#######.#######..#.###.#
##....P
#.>....................#
###...
#.#####.########.#.##### ##...
#.###.....######h#.# ##....
#.......#.##....@#.# ##....#
#######.#..'.......# #...###
#.#.##)....#.# ##.....
#.#.##.....#.# #.####
..#####.########.#.#########.#
...........................#.#
#.#####.########.#.#######.#.#
#†# #.#.# #.#.#
#.#####.################ #.#.#


You could see a jackal.

Vanquished Creatures
  3 jackals (D:1)
  A ball python (D:1)
  A frilled lizard (D:1)
5 creatures vanquished.

Notes
Turn   | Place    | Note
-------+----------+-------------------------------------------
     0 | D:1      | horus123 the Deep Elf Air Elementalist began the quest for
                  | the Orb.
     0 | D:1      | Reached XP level 1. HP: 10/10 MP: 6/6
   225 | D:1      | Slain by a jackal

Illustrated notes

Levels and vault maps discovered:
D:1:      lemuel_arrival_muddy, layout_basic, serial_forest,
          infiniplex_forest_corner_1, infiniplex_forest_fountain,
          infiniplex_forest_straight_4, infiniplex_forest_end_2,
          infiniplex_forest_lined_3_way, infiniplex_forest_clump_small,
          infiniplex_forest_zigzag_2, infiniplex_forest_zigzag_2,
          hellmonk_ecumenical_altar_slurped_away, chequers_serial_rivers_large_b

Action                   || total
-------------------------++-------
 Cast: Shock             ||    11
Armor: Robe              ||     2
Dodge: Dodged            ||     9
